 Dungeon Crawl Stone Soup version 0.29-a0-43-g62a80824bf (webtiles) character file.

Game seed: 17199760514670782788

1705 crazypyro the Slasher (level 8, -9/63 HPs)
             Began as a Demonspawn Fighter on Feb 2, 2022.
             Was an Initiate of Makhleb.
             Mangled by an orc knight (15 damage)
             ... in a bailey.
             The game lasted 00:09:12 (6208 turns).

crazypyro the Slasher (Demonspawn Fighter)          Turns: 6208, Time: 00:09:13

Health: -9/63      AC: 20    Str: 20      XL:     8   Next: 73%
Magic:  8/8        EV:  6    Int:  9      God:    Makhleb [......]
Gold:   320        SH:  5    Dex: 10 (12) Spells: 7/7 levels left

rFire   . . .      SeeInvis .   a - +0 long sword
rCold   + . .      Faith    .   c - +0 buckler
rNeg    . . .      Spirit   .   r - +4 plate armour {rC+}
rPois   .          Reflect  .   (helmet unavailable)
rElec   .          Harm     .   f - +0 cloak
rCorr   .          Rampage  .   (no gloves)
Will    .....                   (no boots)
Stlth   ..........              n - amulet of regeneration
HPRegen 1.00/turn               (no ring)
MPRegen 0.11/turn               (no ring)

@: hasted, very quick
A: horns 3, molten scales 2, demonic magic 1, deterioration 1
a: Renounce Religion


You were in a bailey.
You worshipped Makhleb.
Makhleb was noncommittal.
You visited 2 branches of the dungeon, and saw 8 of its levels.
You also visited: Bailey.

You collected 320 gold pieces.

Inventory:

Hand Weapons
 a - a +0 long sword (weapon)
 u - a +0 broad axe
Armour
 b - a +0 scale mail
 c - a +0 buckler (worn)
 f - a +0 cloak (worn)
 r - a +4 plate armour of cold resistance (worn)
Jewellery
 e - an amulet of magic regeneration
 g - an amulet of guardian spirit
 n - an amulet of regeneration (around neck)
Wands
 o - a wand of iceblast (7)
 w - a wand of polymorph (4)
Scrolls
 d - 2 scrolls of vulnerability
 k - 2 scrolls of magic mapping
 p - a scroll of holy word
 s - 2 scrolls of amnesia
 t - a scroll of identify
 v - a scroll of silence {unknown}
Potions
 h - a potion of invisibility
 i - 2 potions of flight
 l - 2 potions of brilliance
 m - a potion of heal wounds
 q - 2 potions of curing


   Skills:
 + Level 5.4 Fighting
 * Level 6.1 Long Blades
 + Level 4.9 Armour
 + Level 3.8 Dodging
 + Level 5.0 Shields


You had 7 spell levels left.
You didn't know any spells.
Your spell library contained the following spells:

 Spells                   Type           Power      Damage    Failure   Level
 Ensorcelled Hibernation  Hex/Ice        0%         N/A       100%        2
 Passwall                 Tmut/Erth      0%         N/A       100%        2
 Swiftness                Air            0%         N/A       100%        3


Dungeon Overview and Level Annotations

Branches:
Dungeon (7/15)             Temple (1/1) D:5          Bailey (1/1)

Altars:
Ashenzari
Cheibriados
Dithmenos
Fedhas
Kikubaaqudgha
Makhleb
Nemelex Xobeh
Okawaru
Qazlal
Ru
Sif Muna
Trog
Uskayaw
Vehumet
Wu Jian
Xom
Yredelemnul
The Shining One

Shops:
D:6 *

Annotations:
D:5 2 runed translucent doors, noodleboyJ's ghost, novice DrMo


Innate Abilities, Weirdness & Mutations

You have a pair of large horns on your head.
You are mostly covered in molten scales. (AC +3)
Spells you cast may paralyse adjacent enemies.
Your body sometimes deteriorates upon taking damage.


Message History

The orc knight completely misses you.
You hit the orc knight but do no damage.
Your headbutt misses the orc knight.
The orc knight is moderately wounded.
The kobold completely misses you.
The orc knight hits you with a +0 war axe!
* * * LOW HITPOINT WARNING * * *
Your body deteriorates!
You feel clumsy.
You slash the orc knight!
The orc knight is moderately wounded.
You block the kobold's attack.
You hit the orc knight but do no damage.
The orc knight is moderately wounded.
The orc knight hits you with a +0 war axe!
* * * LOW HITPOINT WARNING * * *
The kobold hits you but does no damage.
You closely miss the orc knight. You headbutt the orc knight!
The orc knight is heavily wounded.
The orc knight hits you with a +0 war axe.
* * * LOW HITPOINT WARNING * * *
You hit the orc knight but do no damage.
Your headbutt misses the orc knight.
The orc knight is heavily wounded.
The kobold hits you but does no damage.
You slash the orc knight! Your headbutt misses the orc knight.
The orc knight is severely wounded.
The orc knight roars a battlecry!
The orc warrior goes into a battle-frenzy!
The kobold hits you but does no damage.
You slash the orc knight!
The orc knight is almost dead.
The orc warrior no longer looks unusually strong.
The orc knight roars a battlecry!
The orc warrior goes into a battle-frenzy!
You hit the orc knight but do no damage.
Your headbutt misses the orc knight.
The orc knight is almost dead.
The kobold hits you but does no damage.
The orc knight hits you with a +0 war axe!
You die...

# #############.#####
####......ggo@K.......
##.........oo#########.
##.........#'##
#.....⌠....#))#
##.......###g.#
###.....#.'..####'##
####......###..g..g...
≈≈≈≈≈≈≈((...#..####o####
.#..
#≈≈≈≈≈≈≈≈≈≈.####...g...#
##≈≈


You could see an orc knight, 2 orc warriors, a gnoll, a hobgoblin and a kobold.

Vanquished Creatures
  A centaur zombie (D:5)
  A black bear (D:4)
  3 orc warriors (Bailey)
  A necrophage (D:7)
  A sky beast (D:6)
  A centaur (D:6)
  An ogre (D:5)
  A kobold brigand (D:7)
  2 scorpions
  A bullfrog zombie (D:6)
  3 hounds
  Terence (D:3)
  4 hound skeletons
  10 adders
  3 river rats (D:3)
  2 white imps
  An adder zombie (D:5)
  3 worms
  5 dart slugs
  8 orcs
  6 ball pythons
  11 bats
  10 endoplasms
  A giant cockroach (D:1)
  11 goblins
  10 hobgoblins
  6 jackals (D:1)
  20 kobolds
  3 quokkas
  4 frilled lizards
  10 rats
145 creatures vanquished.

Vanquished Creatures (others)
  A plant (D:3)
1 creature vanquished.

Grand Total: 146 creatures vanquished

Notes
Turn   | Place    | Note
-------+----------+-------------------------------------------
     0 | D:1      | crazypyro the Demonspawn Fighter began the quest for the
                  | Orb.
     0 | D:1      | Reached XP level 1. HP: 18/18 MP: 1/1
    49 | D:1      | Reached skill level 2 in Long Blades
    52 | D:1      | Gained mutation: You have a pair of small horns on your
                  | head. [demonic ancestry]
    52 | D:1      | Reached XP level 2. HP: 12/24 MP: 2/2
   641 | D:1      | Gained mutation: You have a pair of horns on your head.
                  | [demonic ancestry]
   641 | D:1      | Reached XP level 3. HP: 26/29 MP: 3/3
  1375 | D:2      | Reached XP level 4. HP: 33/35 MP: 4/4
  1936 | D:3      | Noticed Terence
  1946 | D:3      | Killed Terence
  1947 | D:3      | Reached skill level 1 in Dodging
  2265 | D:3      | Found a faded altar of an unknown god.
  2470 | D:3      | Gained mutation: Spells you cast may paralyse adjacent
                  | enemies. [demonic ancestry]
  2470 | D:3      | Reached XP level 5. HP: 35/41 MP: 5/5
  2529 | D:3      | Reached skill level 3 in Long Blades
  3366 | D:4      | Gained mutation: You are partially covered in molten
                  | scales. (AC +2) [demonic ancestry]
  3366 | D:4      | Reached XP level 6. HP: 33/48 MP: 6/6
  3597 | D:4      | Gained mutation: Your body sometimes deteriorates upon
                  | taking damage. [potion of mutation]
  3597 | D:4      | Gained mutation: Your muscles are strong. (Str +2) [potion
                  | of mutation]
  3597 | D:4      | Lost mutation: Your muscles are strong. (Str +2) [potion of
                  | mutation]
  3597 | D:4      | Gained mutation: You have a pair of large horns on your
                  | head. [potion of mutation]
  3972 | D:4      | Reached skill level 4 in Long Blades
  3996 | D:4      | Found a broken altar of Ashenzari.
  4172 | D:5      | Entered Level 5 of the Dungeon
  4309 | D:5      | Found a staircase to the Ecumenical Temple.
  4345 | D:5      | Mutation became permanent: You have a pair of horns on your
                  | head. [demonic ancestry]
  4345 | D:5      | Gained mutation: You have a pair of large horns on your
                  | head. [demonic ancestry]
  4345 | D:5      | Reached XP level 7. HP: 24/55 MP: 4/7
  4364 | Temple   | Entered the Ecumenical Temple
  4564 | Temple   | Became a worshipper of Makhleb the Destroyer
  4657 | D:5      | Reached skill level 5 in Long Blades
  4896 | D:5      | Found a large runed translucent door.
  4896 | D:5      | Found a large runed translucent door.
  4898 | D:5      | Noticed noodleboyJ's ghost (novice DrMo)
  5344 | D:6      | Gained mutation: You are mostly covered in molten scales.
                  | (AC +3) [demonic ancestry]
  5344 | D:6      | Reached XP level 8. HP: 61/61 MP: 8/8
  5438 | D:6      | Found Zuborayt's General Store.
  5616 | D:6      | Reached skill level 5 in Fighting
  5943 | D:7      | Found a flagged portal.
  5963 | Bailey   | Entered a bailey
  6087 | Bailey   | Reached skill level 6 in Long Blades
  6107 | Bailey   | Reached skill level 5 in Shields
  6151 | Bailey   | Noticed an orc knight
  6204 | Bailey   | HP: 3/63 [orc knight (3)]
  6208 | Bailey   | Mangled by an orc knight

Illustrated notes

Levels and vault maps discovered:
D:1:      heliophobic_arrival_henge, layout_rooms, skrybe_limestone_x
D:2:      layout_loops_corners
D:3:      layout_rooms, shapermc_ecumenical_altar_mp_ritualfount,
          portal_sewer_entry_b, nrook_mini_backslash, kennysheep_generic_room_3,
          uniq_terence
D:4:      layout_basic, mainiacjoe_overflow_alcove_1, corexii_checkpoint_a,
          roderic_three_in_a_row
D:5:      layout_rooms, minmay_temple_entry_enclosed_plants,
          ebering_ghost_disaster_area
D:6:      layout_rooms, serial_shops, nicolae_shop_statue_plus,
          minmay_misc_feat_secret_circle
D:7:      layout_cave_pods, enter_bailey_5, minmay_misc_feat_five,
          minmay_joined_circles
Temple:   compressed_dpeg_triangle_lava_temple
Bailey:   bailey_axe_4, bailey

Skill      XL: |  1  2  3  4  5  6  7  8 |
---------------+-------------------------+-----
Long Blades    | 2 3 4 5 6 |  6.1
Shields        | 3 4 5 |  5.0
Armour         | 3 4 |  4.9
Dodging        | 1 2 3 |  3.8
Fighting       | 4 5 |  5.4

Action                   |  1- 3 |  4- 6 |  7- 9 || total
-------------------------+-------+-------+-------++-------
Melee: Long sword        |   107 |   201 |   179 ||   487
       Headbutt          |    16 |    37 |    29 ||    82
  Use: Potion            |     1 |     2 |     5 ||     8
       Scroll            |       |    11 |     4 ||    15
Armor: Scale mail        |    82 |   115 |    62 ||   259
       Plate armour      |       |       |    63 ||    63
Dodge: Dodged            |    60 |   105 |   104 ||   269
Block: Buckler           |    35 |    53 |    65 ||   153

Table legend: (Time is in decaauts)
 A = Elapsed time spent in this place.
 B = Non-inter-level travel time spent in this place.
 C = Inter-level travel time spent in this place.
 D = Time resting spent in this place.
 E = Time spent auto-exploring this place.
 F = Levels seen in this place.
 G = Mean time per level.
                   A        B        C        D        E       F      G
               +--------+--------+--------+--------+--------+-----+--------+
         Total |   6326 |   6010 |    316 |      0 |   4837 |   9 |  702.9 |
       Dungeon |   5852 |   5556 |    296 |      0 |   4619 |   7 |  836.0 |
        Temple |    216 |    197 |     19 |      0 |    186 |   1 |  216.0 |
        Bailey |    257 |    257 |      0 |      0 |     32 |   1 |  257.0 |
               +--------+--------+--------+--------+--------+-----+--------+

Top non-repeatable levels by time:
     D:3: 1185 daAuts
     D:4: 1180 daAuts
     D:2: 1087 daAuts
     D:5: 932 daAuts
     D:1: 803 daAuts
     D:6: 585 daAuts
  Bailey: 257 daAuts
  Temple: 216 daAuts
     D:7: 78 daAuts
